 Dungeon Crawl Stone Soup version 0.22-a0-756-gc33bbe721d (webtiles) character file.

394 Scypier the Skirmisher (level 6, 0/67 HPs)
             Began as an Ogre Berserker on July 16, 2018.
             Was a Priest of Trog.
             Slain by an adder (3 damage)
             ... on level 3 of the Dungeon.
             The game lasted 00:08:05 (4025 turns).

Scypier the Skirmisher (Ogre Berserker)             Turns: 4025, Time: 00:08:05

Health: 0/67       AC:  4    Str: 22    XL:     6   Next: 82%
Magic:  6/6        EV: 11    Int:  8    God:    Trog [***...]
Gold:   99         SH:  0    Dex: 10    Spells: 5/5 levels left

rFire    . . .     SeeInvis .   b - -3 blowgun (curse)
rCold    . . .     Gourm    .   (no shield)
rNeg     . . .     Faith    .   n - +1 animal skin
rPois    .         Spirit   .   (helmet restricted)
rElec    .         Reflect  .   (no cloak)
rCorr    .         Harm     .   (gloves unavailable)
MR       .....                  (boots unavailable)
Stlth    +.........             (no amulet)
HPRegen  0.21/turn              (no ring)
MPRegen  0.10/turn              (no ring)

@: lethally poisoned (0 -> -7)
A: large, unfitting armour, tough skin 1
a: Berserk, Trog's Hand, Renounce Religion


You were on level 3 of the Dungeon.
You worshipped Trog.
Trog was most pleased with you.
You were hungry.

You visited 1 branch of the dungeon, and saw 3 of its levels.
You also visited: Sewer.

You collected 99 gold pieces.

Inventory:

Hand Weapons
 a - a +0 mace
 b - a cursed -3 blowgun (weapon)
Armour
 n - a +1 animal skin (worn)
Wands
 j - a wand of iceblast (13)
Scrolls
 g - a scroll of amnesia {unknown}
 m - 2 scrolls of teleportation
Potions
 d - 5 potions of might
 e - 2 potions of curing {unknown}
 f - a potion of flight {unknown}
 p - 3 potions of brilliance {unknown}
Comestibles
 c - 5 rations


   Skills:
 + Level 5.9 Fighting
 * Level 5.1 Maces & Flails
 + Level 4.1 Dodging


You had 5 spell levels left.
You didn't know any spells.
Your spell library was empty.

Dungeon Overview and Level Annotations

Branches:
Dungeon (3/15)

Altars:
Fedhas

Annotations:
D:3 exclusion: oklob plant


Innate Abilities, Weirdness & Mutations

You are too large for most types of armour.
You have tough skin. (AC +1)


Message History

You miss the adder.
The adder is lightly wounded.
You feel sick. The adder bites you.
* * * LOW HITPOINT WARNING * * *
The adder bites you.
* * * LOW HITPOINT WARNING * * *
You are more poisoned.
The adder poisons you!
You miss the adder.
The adder is lightly wounded.
You recover from your berserk rage.
You feel sick. The adder bites you but does no damage. The adder bites you.
* * * LOW HITPOINT WARNING * * *
You clumsily bash the adder but do no damage.
The adder is lightly wounded.
The adder bites you.
* * * LOW HITPOINT WARNING * * *
You are more poisoned.
The adder poisons you! The adder bites you.
You die...

# ##P..≈≈≈≈≈..#PPPP
#P.PP#.......PPPPP#
#..PP#PPP##.###P##PPP
##PP.#P#P.#.# P.
############.#########
#.............#..#.#.#
.###.##.#######.#..#.#..
...........#..#.#..#.###
!####.#@##.#..#.#....#.?
#.#S# #..#.##.#.[.. .
$.# #.........### ###..#
#.##.#...<... #..#
#....#..#.### #..#
######..#.# # #..#
#..#.# #
..>.#########[#.# #
##.≈≈≈≈.†###.# #


You could see an adder.

Vanquished Creatures
  An ogre (D:3)
  2 big kobolds (Sewer)
  A hound (D:3)
  3 adders
  A river rat (Sewer)
  An ooze (Sewer)
  5 worms
  A dart slug (D:2)
  3 leopard geckos (D:3)
  5 orcs
  5 ball pythons
  6 bats
  3 giant cockroaches
  10 goblins
  9 hobgoblins
  5 jackals
  4 frilled lizards
  11 kobolds
  11 rats
87 creatures vanquished.

Notes
Turn   | Place    | Note
-------+----------+-------------------------------------------
     0 | D:1      | Scypier the Ogre Berserker began the quest for the Orb.
     0 | D:1      | Reached XP level 1. HP: 24/24 MP: 1/1
   176 | D:1      | Reached XP level 2. HP: 32/32 MP: 2/2
   562 | D:1      | Reached XP level 3. HP: 36/40 MP: 3/3
   878 | D:2      | Reached ** piety under Trog
  1357 | D:2      | Reached XP level 4. HP: 43/49 MP: 4/4
  1723 | D:3      | Noticed an ogre
  1732 | D:3      | Killed an ogre
  1732 | D:3      | Reached skill level 5 in Fighting
  1732 | D:3      | Reached XP level 5. HP: 32/57 MP: 5/5
  2033 | D:3      | Found a blossoming altar of Fedhas.
  2135 | D:3      | Found a glowing drain.
  2139 | Sewer    | Entered a sewer
  2452 | Sewer    | Reached *** piety under Trog
  2898 | Sewer    | Noticed a big kobold
  2920 | Sewer    | Killed a big kobold
  2920 | Sewer    | Reached XP level 6. HP: 52/66 MP: 6/6
  3043 | Sewer    | Reached skill level 5 in Maces & Flails
  3229 | D:3      | Noticed an oklob plant
  4025 | D:3      | HP: 3/67 [adder (2)]
  4025 | D:3      | Slain by an adder

Vault maps used:
D:1:      ebering_trefoil_twist
D:2:      serial_glass, glass_columns_a, glass_columns_a, glass_columns_a,
          glass_columns_b
D:3:      old_standard_altar, tgw_fedhas, kennysheep_okawaru_gauntlet,
          gup_sewer_entry_spiral, minivault_23
Sewer:    sewer_co_15_rooms

Skill      XL: |  1  2  3  4  5  6 |
---------------+-------------------+-----
Maces & Flails | 3 4 5 |  5.1
Dodging        | 3 4 |  4.1
Fighting       | 5 |  5.9

Action                   |  1- 3 |  4- 6 || total
-------------------------+-------+-------++-------
Melee: Mace              |   142 |   150 ||   292
       Blowgun           |       |    74 ||    74
 Fire: Blowgun           |       |    24 ||    24
Invok: Berserk           |       |     6 ||     6
  Use: Scroll            |       |     7 ||     7
  Eat: Chunk             |     2 |    10 ||    12
       Ration            |       |     1 ||     1
Armor: Animal skin       |    74 |    72 ||   146
Dodge: Dodged            |   107 |   188 ||   295

Table legend:
 A = Spawn XP
 B = Non-spawn XP
 C = Spawn XP percentage of total XP
 D = Spawn monster count
 E = Non-spawn monster count
 F = Spawn count percentage of total count
 G = Total turns spent on level
                    A         B        C        D         E        F      G
               +---------+---------+-------+---------+---------+-------+---------
         Total |       0 |     564 |   0.0 |       0 |      87 |   0.0 |  4025
               +---------+---------+-------+---------+---------+-------+---------
           D:1 |       0 |      37 |   0.0 |       0 |      22 |   0.0 |   779
           D:2 |       0 |      61 |   0.0 |       0 |      29 |   0.0 |  1184
           D:3 |       0 |     196 |   0.0 |       0 |      15 |   0.0 |   978
         Sewer |       0 |     270 |   0.0 |       0 |      21 |   0.0 |  1084
               +---------+---------+-------+---------+---------+-------+---------
